 Dungeon Crawl Stone Soup version 0.25-a0-834-g55863b0b92 (webtiles) character file.

Game seed: 5175335020657258256, levelgen mode: deterministic

2333 MisterFreud the Nimble (level 9, -9/61 HPs)
             Began as an Octopode Transmuter on Apr 22, 2020.
             Mangled by Menkaure (21 damage)
             ... on level 6 of the Dungeon.
             The game lasted 00:10:34 (6790 turns).

MisterFreud the Nimble (Octopode Transmuter)        Turns: 6790, Time: 00:10:35

Health: -9/61      AC:  1    Str: 10    XL:     9   Next: 42%
Magic:  13/13      EV: 17    Int: 18    God:
Gold:   222        SH:  0    Dex: 12    Spells: 3/14 levels left

rFire    . . .     SeeInvis .     - Unarmed
rCold    . . .     Gourm    .   (no shield)
rNeg     . . .     Faith    .   (helmet restricted)
rPois    .         Spirit   .   (no amulet)
rElec    .         Reflect  .   o - +3 ring of slaying
rCorr    .         Harm     .   (no ring)
MR       .....                  (no ring)
Stlth    +++.......             (no ring)
HPRegen  0.20/turn              (no ring)
MPRegen  0.13/turn              (no ring)
                                (no ring)
                                (no ring)

@: no status effects
A: almost no armour, stealthy swim, amphibious, 8 rings, constrict 8, camouflage
1, gelatinous body 1
a: no special abilities


You were on level 6 of the Dungeon.
You were not hungry.

You visited 1 branch of the dungeon, and saw 6 of its levels.

You collected 222 gold pieces.

Inventory:

Missiles
 a - 153 arrows
 i - 6 boomerangs (quivered)
 j - 203 stones
 r - 8 poisoned darts
 w - 45 sling bullets
 A - 2 throwing nets
Jewellery
 o - a +3 ring of slaying (left tentacle)
Wands
 x - a wand of clouds (1)
 y - a wand of iceblast (3)
Scrolls
 b - 2 scrolls of immolation {unknown}
 d - 5 scrolls of remove curse
 g - a scroll of random uselessness {unknown}
 h - 3 scrolls of enchant armour {unknown}
 m - a scroll of teleportation {unknown}
 n - a scroll of fear {unknown}
 p - a scroll of enchant weapon {unknown}
 s - a scroll of amnesia {unknown}
 B - a scroll of fog {unknown}
 C - a scroll of blinking {unknown}
Potions
 e - 2 potions of brilliance
 f - 3 potions of lignification
 k - 3 potions of heal wounds
 l - a potion of stabbing {unknown}
 q - 2 potions of curing
 t - a potion of invisibility {unknown}
 u - a potion of might {unknown}
 v - a potion of flight {unknown}
Comestibles
 c - 6 rations
 z - 6 chunks of flesh


   Skills:
 - Level 5.0 Fighting
 - Level 8.0 Dodging
 + Level 1.1 Stealth
 - Level 5.0 Unarmed Combat
 - Level 3.0 Spellcasting
 - Level 5.0 Transmutations
 - Level 5.0 Evocations


You had 3 spell levels left.
You knew the following spells:

 Your Spells              Type           Power        Failure   Level  Hunger
a - Beastly Appendage     Tmut           ###...       1%          1    None
b - Sticks to Snakes      Tmut           ###.....     3%          2    ##.....
c - Spider Form           Tmut/Pois      ##........   17%         3    ###....
d - Blade Hands           Tmut           ###.......   50%         5    ######.

Your spell library contained the following spells:

 Spells                   Type           Power        Failure   Level  Hunger
 Animate Skeleton         Necr           N/A          16%         1    None
 Apportation              Tloc           #.....       16%         1    None
 Corona                   Hex            #......      16%         1    None
 Summon Small Mammal      Summ           #...         16%         1    None
 Ice Form                 Ice/Tmut       ##......     50%         4    ####...


Dungeon Overview and Level Annotations

Branches:
Dungeon (6/15)
 Temple: D:4-7

Altars:
Ashenzari
Fedhas
Okawaru
Qazlal

Shops:
D:5 [[%*

Annotations:
D:6 Menkaure


Innate Abilities, Weirdness & Mutations

You cannot wear most types of armour.
You are very stealthy in the water. (Stealth+)
You are amphibious.
You can wear up to eight rings at the same time.
You can use your tentacles to constrict eight enemies at once.
Your skin changes colour to match your surroundings (Stealth+).
Your rubbery body absorbs attacks. (AC +1, EV +1)


Message History

You tentacle-slap Menkaure. You grab Menkaure.
Menkaure is moderately damaged.
You constrict Menkaure.
You tentacle-slap Menkaure but do no damage.
Menkaure is moderately damaged.
You constrict Menkaure.
Menkaure mumbles some strange words.
Menkaure seems to speed up.
You tentacle-slap Menkaure.
Menkaure is moderately damaged.
You constrict Menkaure.
Menkaure calls on the powers of darkness!
Your body is wracked with pain!
* * * LOW HITPOINT WARNING * * *
You tentacle-slap Menkaure but do no damage.
Menkaure is heavily damaged.
You constrict Menkaure. Menkaure hits you.
* * * LOW HITPOINT WARNING * * *
Menkaure hits you!!
You die...

#.# .. #.# #####.# #.#
#...#...######.## #.....
.........#
#.....####......#####>.
#......................
#####.......†...@M......
..+_#...###.......#...##
.####...# #......## .#
##......###......#
.#...........#####
.#.....##.####
.#........# ####..#...#
####...#....#


You could see Menkaure.

Vanquished Creatures
  A two-headed ogre (D:6)
  Sigmund (D:3)
  An ice beast (D:5)
  A sky beast (D:5)
  3 ogres
  3 centaurs
  A bullfrog (D:6)
  A scorpion (D:4)
  A wight (D:6)
  4 crimson imps
  A quasit (D:5)
  A centaur skeleton (D:5)
  3 hounds
  An orc wizard (D:5)
  An orc priest (D:5)
  2 worker ants (D:5)
  An iguana (D:4)
  Natasha (thrice) (D:2)
  A hound skeleton (D:4)
  8 adders
  4 gnolls
  A howler monkey skeleton (D:5)
  2 oozes
  2 worms
  A leopard gecko (D:5)
  13 orcs
  A ball python (D:3)
  4 giant cockroaches
  6 goblins
  8 hobgoblins
  5 jackals
  6 kobolds
  A quokka (D:3)
  3 bats (D:1)
  2 frilled lizards
  A leopard gecko skeleton (D:5)
  6 rats
105 creatures vanquished.

Vanquished Creatures (others)
  A hound (D:5)
1 creature vanquished.

Grand Total: 106 creatures vanquished

Notes
Turn   | Place    | Note
-------+----------+-------------------------------------------
     0 | D:1      | MisterFreud the Octopode Transmuter began the quest for the
                  | Orb.
     0 | D:1      | Reached XP level 1. HP: 13/13 MP: 3/3
   377 | D:1      | Reached XP level 2. HP: 18/18 MP: 3/5
   862 | D:2      | Found a stormy altar of Qazlal.
   975 | D:2      | Reached XP level 3. HP: 21/23 MP: 4/6
   979 | D:2      | Learned a level 2 spell: Sticks to Snakes
   983 | D:2      | Learned a level 3 spell: Spider Form
  1046 | D:2      | Noticed Natasha
  1052 | D:2      | Killed Natasha
  1515 | D:2      | Noticed Natasha
  1524 | D:2      | Killed Natasha
  1524 | D:2      | Reached XP level 4. HP: 25/28 MP: 1/8
  1684 | D:2      | Noticed Natasha
  1732 | D:2      | HP: 1/28 [white imp/puff of frost[Natasha] (6)]
  1733 | D:2      | Killed Natasha
  2025 | D:2      | Reached XP level 5. HP: 20/33 MP: 3/9
  2910 | D:3      | Reached skill level 5 in Transmutations
  3164 | D:3      | Noticed Sigmund
  3175 | D:3      | Killed Sigmund
  3175 | D:3      | Reached skill level 3 in Dodging
  3175 | D:3      | Reached XP level 6. HP: 33/41 MP: 7/10
  3606 | D:3      | Found an iron altar of Okawaru.
  4136 | D:4      | Reached XP level 7. HP: 46/46 MP: 11/11
  4147 | D:4      | Reached skill level 4 in Dodging
  4338 | D:4      | Found a blossoming altar of Fedhas.
  4791 | D:5      | Entered Level 5 of the Dungeon
  4825 | D:5      | Found Ziridi's Food Boutique.
  4844 | D:5      | Found Umez's Assorted Antiques.
  4880 | D:5      | Reached skill level 5 in Dodging
  5213 | D:5      | Reached skill level 6 in Dodging
  5343 | D:5      | Learned a level 5 spell: Blade Hands
  5399 | D:5      | Reached XP level 8. HP: 52/52 MP: 9/12
  5737 | D:5      | Found Gaerra Hune's Antique Armour Emporium.
  5885 | D:5      | Found Luwiuxai's Antique Armour Shop.
  6104 | D:5      | Reached skill level 7 in Dodging
  6361 | D:6      | Reached skill level 5 in Fighting
  6361 | D:6      | Reached skill level 5 in Unarmed Combat
  6525 | D:6      | Reached XP level 9. HP: 61/61 MP: 8/13
  6553 | D:6      | Noticed a two-headed ogre
  6572 | D:6      | Killed a two-headed ogre
  6572 | D:6      | Reached skill level 8 in Dodging
  6768 | D:6      | Found a shattered altar of Ashenzari.
  6781 | D:6      | Reached skill level 5 in Evocations
  6781 | D:6      | Reached skill level 1 in Stealth
  6782 | D:6      | Noticed Menkaure
  6790 | D:6      | Mangled by Menkaure

Levels and vault maps discovered:
D:1:      nicolae_arrival_somewhat_less_tricky_arrival, layout_basic,
          minmay_misc_feat_rows
D:2:      layout_loops_ring, grunt_qazlal_sundering, cheibrodos_gnoll_hut,
          uniq_natasha
D:3:      layout_basic, lemuel_coloured_pillars_altar, first_ration,
          uniq_sigmund
D:4:      layout_loops_corners, fedhas_altar_2
D:5:      minmay_skewed_foursquare, layout_loops_ring, serial_shops,
          nicolae_shop_waterfront, nicolae_shop_statue_plus,
          nicolae_shop_crystal, shop, kennysheep_generic_room_12
D:6:      lemuel_upstairs_altar, layout_rooms, ashenzari_conservatory_becter,
          minmay_temple_entry_drinking_statues, kennysheep_generic_room_9,
          uniq_menkaure

Skill      XL: |  1  2  3  4  5  6  7  8  9 |
---------------+----------------------------+-----
Transmutations | 3 4 5 |  5.0
Spellcasting   | 3 |  3.0
Fighting       | 2 3 5 |  5.0
Dodging        | 3 6 7 8 |  8.0
Unarmed Combat | 5 |  5.0
Evocations     | 5 |  5.0
Stealth        | 1 |  1.1

Action                   |  1- 3 |  4- 6 |  7- 9 || total
-------------------------+-------+-------+-------++-------
Melee: Unarmed           |    56 |   124 |   187 ||   367
       Tentacles         |    11 |     8 |     7 ||    26
       Kick              |     7 |     3 |       ||    10
       Constrict         |    12 |    11 |    10 ||    33
       Punch             |     2 |     1 |       ||     3
 Cast: Beastly Appendage |    11 |     2 |       ||    13
       Spider Form       |     1 |     9 |    18 ||    28
       Sticks to Snakes  |       |     6 |       ||     6
 Abil: End Transformatio |       |       |     1 ||     1
Evoke: Wand              |       |       |     7 ||     7
  Use: Potion            |     1 |       |       ||     1
       Scroll            |       |       |     4 ||     4
 Stab: Sleeping          |     2 |     1 |     2 ||     5
  Eat: Chunk             |     1 |    11 |     7 ||    19
       Ration            |       |       |     1 ||     1
Armor: Skin              |     3 |     6 |    12 ||    21
Dodge: Dodged            |    37 |    97 |   145 ||   279

Table legend:
 A = Non-vault XP
 B = Vault XP
 C = Vault XP percentage of total XP
 D = Non-vault monster count
 E = Vault monster count
 F = Vault count percentage of total count
                 A         B        C        D         E       F
            +---------+---------+-------+---------+---------+-------
      Total |    2723 |     611 |  18.3 |      94 |      12 |  11.3
            +---------+---------+-------+---------+---------+-------
        D:1 |      25 |       0 |   0.0 |      17 |       0 |   0.0
        D:2 |      92 |      53 |  36.6 |      12 |       4 |  25.0
        D:3 |     102 |     227 |  69.0 |      23 |       1 |   4.2
        D:4 |     300 |       0 |   0.0 |      14 |       0 |   0.0
        D:5 |     870 |     331 |  27.6 |      21 |       7 |  25.0
        D:6 |    1334 |       0 |   0.0 |       7 |       0 |   0.0
            +---------+---------+-------+---------+---------+-------
